Map: Prion Terraces

Players

IamDrizzt

  • Race: Protoss Protoss
  • League: Diamond

HawkCH

  • Race: Protoss Protoss
  • League: Gold

MorN

  • Race: Terran Terran
  • League: Platinum

optik

  • Race: Terran Terran
  • League: Gold

VOD

Have the link to the VOD?

Description

Time

  • Played on: Nov. 11, 2015, 9:03 p.m.
  • Length: 11:50
Show
View Real Time Build Order
Export as new Build Order

IamDrizzt Protoss 

Build Orders: 1 Gate Expand, Blink Stalkers 

Get SALT Encoding   

  12  0:09  Probe (Chrono Boost)  
  13  0:19  Probe (Chrono Boost)  
  13  0:20  Pylon  
  14  0:30  Probe (Chrono Boost)  
  15  0:39  Gateway  
  15  0:40  Probe (Chrono Boost)  
  16  0:50  Assimilator  
  16  0:51  Probe (Chrono Boost)  
  17  1:01  Probe (Chrono Boost)  
  18  1:12  Probe (Chrono Boost)  
  19  1:24  Nexus  
  19  1:36  Cybernetics Core  
  19  1:41  Probe (Chrono Boost)  
  19  1:51  Probe (Chrono Boost)  
  20  2:02  Probe (Chrono Boost)  
  21  2:09  Pylon  
  21  2:13  Gateway  
  20  2:16  Stalker  
  22  2:29  Warp Gate (Chrono Boost)  
  22  2:31  Probe (Chrono Boost)  
  22  2:34  Assimilator  
  22  2:36  Probe (Chrono Boost)  
  24  2:42  Probe (Chrono Boost)  
  25  2:44  Mothership Core  
  27  2:56  Stalker  
  27  2:57  Probe  
  30  3:04  Probe  
  30  3:07  Stalker  
  30  3:09  Probe  
  34  3:18  Probe  
  34  3:21  Probe  
  34  3:26  Twilight Council  
  36  3:30  Probe (Chrono Boost)  
  36  3:33  Probe (Chrono Boost)  
  38  3:39  Stalker  
  41  3:41  Probe (Chrono Boost)  
  41  3:45  Probe (Chrono Boost)  
  41  3:47  Pylon  
  42  3:52  Probe (Chrono Boost)  
  43  3:56  Probe (Chrono Boost)  
  43  3:57  Blink (Chrono Boost)  
  43  4:00  Pylon  
  43  4:02  Probe (Chrono Boost)  
  45  4:05  Stalker  
  47  4:12  Probe  
  47  4:13  Probe  
  49  4:22  Assimilator  
  49  4:23  Probe (Chrono Boost)  
  49  4:24  Probe (Chrono Boost)  
  50  4:26  Assimilator  
  51  4:31  Pylon  
  51  4:35  Gateway  
  51  4:36  Probe (Chrono Boost)  
  51  4:37  Probe (Chrono Boost)  
  53  4:48  Probe (Chrono Boost)  
  53  4:49  Probe (Chrono Boost)  
  55  4:52  Pylon  
  55  4:57  Pylon  
  55  4:58  Probe (Chrono Boost)  
  56  5:02  Probe (Chrono Boost), Pylon  
  56  5:05  Robotics Facility  
  57  5:09  Probe (Chrono Boost)  
  57  5:12  Forge  
  57  5:14  Probe (Chrono Boost)  
  55  5:29  Probe (Chrono Boost)  
  55  5:30  Probe (Chrono Boost)  
  55  5:31  Gateway  
  55  5:33  Pylon  
  55  5:34  Gateway, Protoss Ground Weapons Level 1 (Chrono Boost)  
  57  5:45  Probe (Chrono Boost)  
  57  5:46  Probe (Chrono Boost)  
  58  5:54  Photon Cannon  
  58  5:59  Observer (Chrono Boost)  
  57  6:10  Stalker x2  
  59  6:34  Stalker x2  
  59  6:37  Stalker  
  64  6:41  Probe  
  63  6:58  Probe x2  
  65  7:08  Pylon  
  65  7:10  Probe  
  66  7:16  Probe  
  66  7:17  Warp Prism (Chrono Boost)  
  70  7:26  Protoss Ground Weapons Level 2 (Chrono Boost)  
  70  7:28  Photon Cannon  
  69  7:40  Stalker x3  
  75  7:48  Robotics Bay  
  75  7:54  Observer  
  76  8:12  Nexus  
  76  8:15  Observer  
  76  8:17  Probe x2 (Chrono Boost), Pylon  
  79  8:28  Probe x2 (Chrono Boost)  
  81  8:39  Probe (Chrono Boost), Disruptor  
  82  8:43  Probe (Chrono Boost)  
  82  8:47  Gateway  
  86  8:49  Probe  
  86  8:50  Gateway  
  86  8:52  Gateway  
  86  8:53  Pylon  
  86  8:54  Probe  
  88  9:00  Pylon  
  88  9:01  Probe  
  89  9:06  Probe  
  87  9:11  Photon Cannon  
  87  9:13  Stalker, Probe  
  87  9:14  Stalker x2  
  85  9:18  Probe  
  74  9:24  Pylon  
  74  9:27  Pylon  
  73  9:32  Stalker  
  73  9:37  Stalker x3  
  79  9:41  Stalker  
  81  9:48  Pylon, Photon Cannon  
  81  9:56  Probe x2  
  81  9:57  Photon Cannon  
  81  9:58  Assimilator  
  83  10:01  Assimilator  
  83  10:10  Templar Archives  
  83  10:14  Photon Cannon  
  83  10:21  Stalker  
  83  10:22  Stalker x2  
  89  10:34  Probe x2  
  91  10:37  Pylon  
  75  10:53  Disruptor  
  75  10:56  High Templar  
  75  10:57  High Templar x5  
  89  11:04  Stalker x2  
  89  11:08  Archon  
  89  11:09  Archon x2  
  74  11:41  Nexus  
  74  11:44  Pylon  
  74  11:46  Nexus  
Show
View Real Time Build Order
Export as new Build Order

HawkCH Protoss 

Build Orders:  

Get SALT Encoding   

  12  0:01  SCV  
  13  0:13  SCV  
  14  0:17  Supply Depot  
  14  0:25  SCV  
  15  0:39  SCV  
  15  0:42  Barracks  
  16  0:46  Refinery  
  16  0:51  SCV  
  17  1:03  SCV  
  18  1:15  SCV  
  19  1:30  Orbital Command  
  19  1:31  Reaper  
  20  1:45  Command Center  
  20  1:55  Supply Depot  
  20  1:56  SCV  
  21  2:03  Marine  
  22  2:09  SCV  
  23  2:20  Factory  
  23  2:27  Bunker, Marine  
  23  2:29  SCV  
  25  2:41  SCV  
  26  2:50  Marine  
  27  2:56  SCV  
  28  3:05  Barracks x2, Orbital Command  
  27  3:07  Widow Mine  
  27  3:12  SCV  
  30  3:18  Starport  
  30  3:22  Marine  
  30  3:25  SCV  
  32  3:30  Engineering Bay  
  32  3:31  Refinery  
  32  3:32  SCV  
  33  3:37  Widow Mine  
  33  3:39  SCV  
  36  3:47  SCV, Marine  
  38  3:52  SCV  
  39  3:56  Medivac  
  39  3:59  Barracks Tech Lab  
  39  4:01  Barracks Reactor  
  39  4:02  SCV  
  42  4:04  SCV, Missile Turret  
  42  4:06  Missile Turret  
  43  4:14  SCV  
  44  4:17  Barracks Reactor, Supply Depot  
  44  4:19  Marauder  
  44  4:20  Supply Depot  
  46  4:27  Refinery  
  46  4:38  Widow Mine  
  46  4:39  SCV x2, Medivac, Marine x2  
  54  4:46  Supply Depot  
  54  4:49  Supply Depot  
  54  4:51  SCV  
  55  4:53  SCV  
  55  4:55  Marine  
  55  4:56  Marauder, Marine  
  60  5:00  Stimpack  
  60  5:04  Missile Turret  
  60  5:05  SCV  
  61  5:10  SCV  
  62  5:21  Marine x4  
  62  5:22  Marauder  
  62  5:23  Terran Infantry Weapons Level 1  
  62  5:24  SCV  
  68  5:29  Supply Depot  
  68  5:33  SCV  
  68  5:34  Medivac  
  71  5:36  SCV, Widow Mine  
  71  5:41  Supply Depot  
  71  5:42  Marine x3  
  77  5:45  SCV  
  78  5:50  Marine x2  
  78  5:51  SCV  
  81  5:57  SCV  
  81  6:00  Marine x2  
  78  6:10  Missile Turret  
  78  6:12  Refinery, Sensor Tower  
  78  6:18  Factory Tech Lab  
  78  6:19  Barracks  
  78  6:20  SCV, Barracks  
  78  6:21  Bunker  
  78  6:25  Marine x2  
  77  6:26  Marauder  
  80  6:36  Missile Turret  
  80  6:37  SCV x2  
  82  6:40  Siege Tank  
  82  6:42  Missile Turret  
  82  6:43  Marine x2  
  87  6:49  SCV  
  87  6:51  Starport Reactor  
  87  7:00  SCV, Combat Shields  
  87  7:01  SCV  
  87  7:08  Barracks Tech Lab, Marauder  
  89  7:09  Barracks Tech Lab  
  89  7:12  SCV, Marine x3  
  89  7:13  SCV  
  84  7:28  Command Center  
  84  7:29  Medivac x2  
  88  7:35  Command Center, Marauder x2, Marine  
  93  7:41  Supply Depot  
  93  7:43  Supply Depot  
  93  7:46  Marauder  
  95  7:53  Siege Tank  
  95  7:55  Marine  
  95  7:56  Marine x3  
  102  8:02  Medivac x2  
  102  8:04  Supply Depot  
  106  8:11  Marauder  
  108  8:16  Marine, Marauder  
  108  8:17  Sensor Tower  
  111  8:24  Terran Infantry Armor Level 1  
  111  8:27  Engineering Bay  
  111  8:33  Armory  
  111  8:40  Orbital Command  
  111  8:42  Marauder  
  113  8:49  Orbital Command  
  113  9:00  Orbital Command  
  113  9:03  Marine x4  
  113  9:04  Marauder  
  119  9:11  Marine x2  
  118  9:21  Marine x4  
  118  9:25  Medivac x2, Marauder  
  118  9:28  SCV x3  
  118  9:29  SCV  
  118  9:30  Marauder  
  130  9:40  SCV  
  130  9:43  Marine x2  
  130  9:44  Siege Tank  
  136  9:49  Refinery  
  136  9:54  Refinery  
  136  9:57  Marine x2  
  136  9:59  Viking x2  
  142  10:04  Marine x2  
  142  10:05  Marauder x2  
  148  10:16  Marauder  
  148  10:19  Orbital Command  
  148  10:20  Marine  
  144  10:25  Siege Tank  
  144  10:26  Marauder x2, Marine x3  
  154  10:32  Barracks  
  154  10:34  Barracks  
  154  10:35  Barracks  
  154  10:36  Barracks  
  154  10:38  Marauder  
  154  10:42  Marine  
  146  10:44  Marine x2  
  146  10:45  Marine  
  146  10:47  Marine  
  146  10:48  Marauder  
  146  10:49  Supply Depot  
  152  10:58  SCV x2  
  152  10:59  Marauder  
  156  11:10  Marine  
  156  11:11  Marauder, Marine  
  158  11:23  Barracks Tech Lab x2  
  158  11:24  Barracks Tech Lab  
  158  11:29  Ghost Academy  
  155  11:40  Command Center  
Show
View Real Time Build Order
Export as new Build Order

MorN Terran 

Build Orders:  

Get SALT Encoding   

Show
View Real Time Build Order
Export as new Build Order

optik Terran 

Build Orders:  

Get SALT Encoding   

Tags
 
Add a new tag
Caveats
  • Supply blocks, unpowered buildings, or Contaminate may cause inaccurate times.
  • Supply counts are checked every 10 seconds.